[Event "FIDE U16 Olympiad_boards_81-124"]
[Site "Eindhoven, Netherlands"]
[Date "2023.08.14"]
[Round "2.1"]
[White "Kannappan, Thanneermalai"]
[Black "Assylov, Miras"]
[Result "1/2-1/2"]
[TimeControl "45min+10sec"]
[WhiteElo "1713"]
[BlackElo "2047"]

1. e4 c6 2. d4 d5 3.
exd5 cxd5 4. c4 Nf6 5. Nc3 e6 6. Nf3 Bb4 7. cxd5 Nxd5 8. Qc2 Nc6 9. Bd3 Ba5 10. a3 h6 11. O-O O-O 12.
Bd2 Bb6 13. Rad1 Nce7 14. Na4 Bc7 15. Ne5 b6 16. f4 Bb7 17. Nc3 Rc8 1/2-1/2

[Event "FIDE U16 Olympiad_boards_81-124"]
[Site "Eindhoven, Netherlands"]
[Date "2023.08.14"]
[Round "2.2"]
[White "Mukhametkali, Merey"]
[Black "Poon, Pak Yu"]
[Result "1-0"]
[TimeControl "45min+10sec"]
[WhiteElo "1792"]
[BlackElo "1268"]

1. d4 Nf6 2. c4 g6 3. h4 Bg7 4. Nc3 d5 5. h5 gxh5 6. cxd5 Nxd5 7. Nf3 Nxc3 8. bxc3 Bg4 9. Qb3 b6 10.
Ng5 e6 11. f3 Bf5 12. Rxh5 Bg6 13. Rh1 c5 14. e4 cxd4 15. Nxe6 fxe6 16. Qxe6+ Qe7 17. Bb5+ Kf8 18. Qc8+ Kf7 19.
Bc4+ Kf6 20. Bg5+ Kxg5 21. Qg4+ 1-0

[Event "FIDE U16 Olympiad_boards_81-124"]
[Site "Eindhoven, Netherlands"]
[Date "2023.08.14"]
[Round "2.3"]
[White "Li, Joy Ching"]
[Black "Tleukhanov, Yerlan"]
[Result "0-1"]
[TimeControl "45min+10sec"]
[WhiteElo "1401"]
[BlackElo "1901"]

1. Nf3 Nf6 2. g3 g6 3. Bg2 Bg7 4. O-O O-O 5. c4 c6 6. d4 d5 7. cxd5 cxd5 8. Nc3 Ne4 9. Qb3 Nc6 10.
e3 Nxc3 11. Qxc3 Bf5 12. Bd2 Be4 13. Qb3 Qd7 14. Bc3 Rad8 15. Rac1 f6 16. Rfd1 Kh8 17. Ne1 Bxg2 18. Kxg2 e5 19.
Nd3 b6 20. Nb4 Na5 21. Qc2 e4 22. b3 g5 23. h3 f5 24. Qe2 f4 25. Qh5 h6 26. exf4 gxf4 27. Bd2 Rf5 28. Qh4 e3 29.
fxe3 fxg3 30. Rf1 Rdf8 31. Rxf5 Qxf5 32. Qxg3 Bxd4 33. Qf4 Rg8+ 34. Kf1 Qxh3+ 35. Ke2 Qh5+ 36. Kd3 Bg7 37. Bc3 Qg6+ 38.
Ke2 Qg2+ 39. Kd1 Qh1+ 40. Ke2 Qg2+ 41. Kd1 Qh1+ 42. Ke2 Qh5+ 43. Kd3 Qg6+ 44. Ke2 Qh5+ 45. Kd3 Nb7 46. Rg1 Nc5+ 47.
Kc2 Qe2+ 48. Bd2 Ne4 49. Rd1 Rc8+ 50. Kb1 Qxd1+ 0-1

[Event "FIDE U16 Olympiad_boards_81-124"]
[Site "Eindhoven, Netherlands"]
[Date "2023.08.14"]
[Round "2.4"]
[White "Madi, Aidana"]
[Black "Fan, Wen Xi"]
[Result "1-0"]
[TimeControl "45min+10sec"]
[WhiteElo "1499"]
[BlackElo "1281"]

1. e4 c5 2. Nf3 a6 3. d4 cxd4 4. Nxd4 Nc6 5. Nc3 Nf6 6. Nxc6 dxc6 7. Qxd8+ Kxd8 8. Bf4 Bg4 9. f3 Bh5 10.
Na4 Nd7 11. O-O-O Ke8 12. Rxd7 Kxd7 13. Nb6+ Kd8 14. Nxa8 g5 15. Bxg5 f6 16. Be3 b5 17. a4 Kc8 18. Nb6+ Kc7 19.
axb5 axb5 20. c4 Bh6 21. Bxh6 Kxb6 22. Be3+ Ka6 23. Be2 Bf7 24. b3 Rg8 25. g3 bxc4 26. Bxc4+ Bxc4 27. bxc4 Ka5 28. Bc5 Re8 29. Kc2 Ka6 30.
Ra1+ Kb7 31. Ra7+ Kc8 32. Rxe7 Rxe7 33. Bxe7 Kd7 34. Bxf6 Ke6 35. e5 h5 36. Kd3 c5 37. Ke4 Kf7 38. Kf5 Kf8 39. g4 hxg4 40. fxg4 Kf7 41.
g5 Kf8 42. e6 Kg8 43. g6 Kf8 44. g7+ Kg8 45. e7 Kf7 46. g8=Q+ Kxg8 47. e8=Q+ Kh7 48. Qg6# 1-0

[Event "FIDE U16 Olympiad_boards_81-124"]
[Site "Eindhoven, Netherlands"]
[Date "2023.08.14"]
[Round "2.5"]
[White "Huang, Youhe"]
[Black "Siva Kumar, Nirish Kumar"]
[Result "1-0"]
[TimeControl "45min+10sec"]
[WhiteElo "1849"]
[BlackElo "1613"]

1. e4 c5 2. Nc3 Nc6 3. Nf3 e5 4. g3 Be7 5. Bg2 Nf6 6. d3 d6 7. h3 h6 8. O-O Be6 9. a3 a6 10. Nd2 Qd7 11. Kh2 g5 12. Nc4 Qc7 13.
Nd5 Bxd5 14. exd5 Nd4 15. Ne3 Qd7 16. Be4 g4 17. c3 Nxe4 18. dxe4 Nf3+ 19. Kg2 h5 20. Nf5 Qb5 21. Ne3 Bg5 22.
a4 Qd7 23. Nf5 Be7 24. h4 Qc7 25. Be3 Kd7 26. a5 Ke8 27. Qa4+ Kf8 28. b4 cxb4 29. Qxb4 Rc8 30. Rab1 Re8 31.
Rfc1 Rb8 32. Bb6 Qd7 33. Ba7 Rd8 34. Qxb7 Nd2 35. Qxd7 Rxd7 36. Rb8+ Rd8 37. Rxd8+ Bxd8 38. Nxd6 Ke7 39.
Bc5 Nb3 40. Nb7+ Kd7 41. Rb1 Nd2 42. Rb4 Bc7 43. Be3 Nf3 44. Nc5+ Kd6 45. Nxa6 Ra8 46. Nxc7 Kxc7 47. Kf1 Kc8 48.
Rb5 Ra6 49. c4 Rf6 50. c5 Nd4 51. Bxd4 exd4 52. Rb3 Kc7 53. d6+ Kc6 54. a6 Re6 55. a7 Re8 56. Rb8 Rxb8 57.
axb8=Q 1-0

[Event "FIDE U16 Olympiad_boards_81-124"]
[Site "Eindhoven, Netherlands"]
[Date "2023.08.14"]
[Round "2.6"]
[White "Helmy, Muhammad Adnin Nuaym"]
[Black "Liu, Henry"]
[Result "0-1"]
[TimeControl "45min+10sec"]
[WhiteElo "1292"]
[BlackElo "1816"]

1. Nf3 d5 2. c4 c6 3. e3 Nf6 4. Nc3 g6 5. b3 Bg7 6. Bb2 O-O 7. d4 Ne4 8. Bd3 f5 9. O-O e6 10.
Qc2 Nd7 11. Rad1 g5 12. Nd2 g4 13. Ne2 Rf6 14. Bxe4 fxe4 15. Nf4 Bh6 16. Nh5 Rf7 17. Rfe1 Qh4 18. Nf4 Nf6 19. Nf1 Bd7 20.
Qe2 Bf8 21. Bc3 Bd6 22. c5 Bc7 23. b4 Qg5 24. Bd2 Raf8 25. a4 a6 26. Ra1 Re8 27. g3 e5 28. Ng2 Qg7 29. Bc3 h6 30.
Reb1 Nh7 31. dxe5 Bxe5 32. Bxe5 Rxe5 33. Nf4 Ng5 34. Nd2 Ne6 35. Nxe6 Rxe6 36. Nb3 Ref6 37. Rf1 h5 38. Nd4 Qf8 39. Rac1 Qe8 40. Rb1 Qf8 41. Rbc1 h4 42. Kg2 Qh6 43.
b5 axb5 44. axb5 Rh7 45. Rh1 Rhf7 46. Rhf1 Rf3 47. bxc6 bxc6 48. Kg1 hxg3 49. fxg3 Qxe3+ 50. Qxe3 Rxe3 51. Rxf7 Kxf7 52. Kf2 Rd3 53. Ne2 e3+ 54. Ke1 Ra3 55. Rc3 Ra1+ 56.
Rc1 Ra3 57. Rc3 Rxc3 58. Nxc3 Kf6 59. Ke2 Ke5 60. Nb1 d4 61. Na3 Kd5 0-1

[Event "FIDE U16 Olympiad_boards_81-124"]
[Site "Eindhoven, Netherlands"]
[Date "2023.08.14"]
[Round "2.7"]
[White "Ajith, Aayush"]
[Black "Akhramsyah, Ashraf Alimuddin Zah"]
[Result "1/2-1/2"]
[TimeControl "45min+10sec"]
[WhiteElo "1756"]
[BlackElo "1350"]

1. d4 d5 2. c4 c6 3. Nc3 Nf6 4. Bg5 Bf5 5. Bxf6 gxf6 6. cxd5 cxd5 7. Qb3 Nc6 8. e3 Qd7 9. Qxd5 Nb4 10.
Bb5 Nxd5 11. Bxd7+ Kxd7 12. Nxd5 Be4 13. Nf4 e5 14. dxe5 fxe5 15. f3 exf4 16. O-O-O+ Ke6 17. fxe4 fxe3 18.
Nf3 Bh6 19. Rd5 Rhd8 20. Nd4+ Kf6 21. Rf1+ Kg6 22. Re1 Rac8+ 23. Kb1 Rxd5 24. exd5 Rc4 25. Rd1 Bf4 26. g3 Be5 27. Nf3 1/2-1/2

[Event "FIDE U16 Olympiad_boards_81-124"]
[Site "Eindhoven, Netherlands"]
[Date "2023.08.14"]
[Round "2.8"]
[White "Mohd Tarmizi, Nur Uzma Bazilah"]
[Black "Gao, Lucy"]
[Result "1-0"]
[TimeControl "45min+10sec"]
[WhiteElo "1367"]
[BlackElo "1618"]

1. e4 c5 2. Nf3 g6 3. c3 d5 4. exd5 Qxd5 5. d4 Nc6 6. Be3 Bg4 7. c4 Qf5 8. Bd3 Bxf3 9. gxf3 Qd7 10.
d5 Nd4 11. Bxd4 cxd4 12. Bc2 a6 13. Qxd4 Nf6 14. Nc3 b5 15. cxb5 axb5 16. Bd3 Rb8 17. a4 bxa4 18. Rxa4 Qb7 19.
Bb5+ Kd8 20. d6 Qxf3 21. dxe7+ Kxe7 22. Qe5+ Kd8 23. Rd4+ Kc8 24. Rc4+ Kb7 25. Qc7+ Ka8 26. Ra4# 1-0

[Event "FIDE U16 Olympiad_boards_81-124"]
[Site "Eindhoven, Netherlands"]
[Date "2023.08.14"]
[Round "2.9"]
[White "Medina, Joshua"]
[Black "Caceres Benitez, Arturo Eduardo"]
[Result "0-1"]
[TimeControl "45min+10sec"]
[WhiteElo "1644"]
[BlackElo "2153"]

1. e4 c5 2. Nf3 Nc6 3. d4 cxd4 4. Nxd4 e5 5. Nb5 d6 6. N1c3 a6 7. Na3 b5 8. Nd5 Nge7 9. c4 Nxd5 10.
Qxd5 Bd7 11. Be3 Rc8 12. Be2 Nd4 13. Bxd4 Bc6 14. Bb6 Qxb6 15. Qd3 Qa5+ 16. Qd2 Qxd2+ 17. Kxd2 Bxe4 18. f3 Bg6 19.
cxb5 d5 20. Rhc1 Bb4+ 21. Kd1 Ke7 22. Nc2 Bd6 23. Ne3 d4 24. Nc4 axb5 25. Nxd6 Kxd6 26. Bxb5 f5 27. a4 e4 28. a5 Rb8 29. Rc6+ Kd5 30. Ba4 Rxb2 31. Rac1 d3 32. R1c4 Be8 33.
fxe4+ fxe4 34. R6c5+ Kd6 35. Bc6 Bxc6 36. Rxc6+ Ke5 37. g3 Rd8 38. Rb6 Rxb6 39. axb6 Rb8 40. Rb4 e3 41. b7 Kd5 42.
Ke1 Kc5 43. Re4 Rxb7 44. Rxe3 Kd4 45. Re8 Rb1+ 46. Kd2 Rb2+ 47. Kd1 Rxh2 48. Re7 g6 49. Rd7+ Ke3 50. Re7+ Kf3 51. Rd7 Kxg3 52.
Rxd3+ Kf4 53. Ke1 g5 54. Kf1 h5 55. Kg1 Rb2 56. Ra3 h4 57. Ra4+ Kg3 58. Ra3+ Kg4 59. Ra4+ Kh5 60. Kh1 h3 61. Ra5 Kh4 62. Ra8 g4 63. Ra4 Re2 64. Rb4 Kg5 65. Rb3 Kf4 66. Kg1 g3 67. Rb1 Rc2 68.
Rd1 Ke3 69. Ra1 Kd2 70. Rf1 Rc1 71. Rxc1 Kxc1 0-1

[Event "FIDE U16 Olympiad_boards_81-124"]
[Site "Eindhoven, Netherlands"]
[Date "2023.08.14"]
[Round "2.10"]
[White "Jodorcovsky, Alejandro David"]
[Black "La Fleur, Juninho"]
[Result "1-0"]
[TimeControl "45min+10sec"]
[WhiteElo "1633"]
[BlackElo "1328"]

1. e4 e5 2. Nf3 Nc6 3. Bb5 Nf6 4. d3 Bc5 5. c3 d6 6. d4 exd4 7. cxd4 Bb4+ 8. Kf1 O-O 9. Qa4 Qe7 10.
Bxc6 bxc6 11. Qxb4 Ba6+ 12. Kg1 Qxe4 13. h3 Rfe8 14. Kh2 Qg6 15. Nc3 Rab8 16. Qa5 Bb5 17. Nxb5 Rxb5 18. Qxc7 Rh5 19. Bd2 h6 20. Rhe1 Rf8 21.
Qxc6 Rb8 22. b3 Rbb5 23. Ne5 dxe5 24. Qxb5 Qf5 25. Kg1 Ne4 26. Qe2 Nf6 27. dxe5 1-0

[Event "FIDE U16 Olympiad_boards_81-124"]
[Site "Eindhoven, Netherlands"]
[Date "2023.08.14"]
[Round "2.11"]
[White "Samuel Bisnath, Kael"]
[Black "Caceres Benitez, Fernando Israel"]
[Result "1-0"]
[TimeControl "45min+10sec"]
[WhiteElo "1432"]
[BlackElo "1772"]

1. e4 e5 2. Nf3 Nc6 3. Bc4 Nf6 4. Ng5 d5 5. exd5 Na5 6. Bb5+ c6 7. dxc6 bxc6 8. Bd3 Nd5 9. Nf3 Bd6 10. O-O O-O 11. Re1 f5 12. Nxe5 Qf6 13. Nf3 g5 14.
c3 Nf4 15. Bf1 g4 16. Nd4 c5 17. Nb5 Bb7 18. Nxd6 Nh3+ 19. gxh3 Bf3 20. Be2 Qg6 21. Kf1 Bc6 22. Bxg4 fxg4 23.
Qxg4 Qxg4 24. hxg4 Rad8 25. Nf5 Bf3 26. d4 cxd4 27. cxd4 Nc6 28. Bg5 Rb8 29. Nd2 Bd5 30. b3 a5 31.
Rac1 1-0

[Event "FIDE U16 Olympiad_boards_81-124"]
[Site "Eindhoven, Netherlands"]
[Date "2023.08.14"]
[Round "2.12"]
[White "Mayeregger Gonzalez, Renata"]
[Black "Ramnarine Singh, Aradhana"]
[Result "1-0"]
[TimeControl "45min+10sec"]
[WhiteElo "1407"]
[BlackElo "1210"]

1. e4 e5 2. Nc3 Nf6 3. g3 Nc6 4. Bg2 Bc5 5. Nge2 d6 6. O-O O-O 7. Na4 Bb6 8. Nxb6 axb6 9. d3 h6 10.
h3 Be6 11. f4 exf4 12. gxf4 Qe7 13. Ng3 Rfe8 14. Be3 Rad8 15. Qe2 Bc8 16. Rae1 Kh7 17. d4 Rf8 18. c3 Qe8 19. Qc2 Kh8 20.
e5 dxe5 21. fxe5 Nd5 22. Bc1 b5 23. Qf2 Nce7 24. Qc2 Be6 25. Nh5 Ng6 26. Nf4 Ngxf4 27. Bxf4 Nxf4 28. Rxf4 g6 29. b3 c6 30.
Ref1 Qe7 31. Rf6 Bd5 32. Qd2 Kh7 1-0

[Event "FIDE U16 Olympiad_boards_81-124"]
[Site "Eindhoven, Netherlands"]
[Date "2023.08.14"]
[Round "2.13"]
[White "Laamim, Roaa"]
[Black "Huang, Zi-Chen"]
[Result "1/2-1/2"]
[TimeControl "45min+10sec"]
[WhiteElo "1626"]
[BlackElo "1492"]

1. e4 e5 2. Nf3 Nc6 3. d4 exd4 4. Nxd4 Nf6 5.
Nc3 Bb4 6. Nxc6 bxc6 7. Bd3 d5 8.
exd5 cxd5 9. O-O O-O 10. h3 c6 11. Qf3 Be6 12. Bf4 Bd6 13. Rfe1 Rb8 14. b3 Rb4 15. Ne2 c5 16. Rad1 Re8 17. Bg5 h6 18. Bf4 Bxf4 19. Nxf4 Qb8 20.
c4 dxc4 21. Nxe6 cxd3 22. Nxc5 Rxe1+ 23. Rxe1 d2 24. Rd1 Qd6 25. Nb7 Qe7 26. Na5 Re4 27. Rxd2 Re1+ 28. Kh2 Qc7+ 29. g3 Qxa5 30.
Rc2 Qd5 31. Qxd5 Nxd5 32. Rd2 Nf6 33.
Rc2 Ra1 34. Kg2 g6 35. Rc6 Kg7 36. Ra6 Nd5 37. Rxa7 Nc3 38. b4 Nxa2 39. b5 Rb1 40. Rxa2 Rxb5 41. Ra6 h5 42. g4 hxg4 43.
hxg4 g5 44. Rd6 Rb4 45. Kf3 Rf4+ 46. Kg3 f6 47. Rd7+ Kg6 48. Rd6 Kg7 49. Ra6 Kg6 50. f3 Rb4 51. Ra7 Rc4 52. Ra6 Rb4 1/2-1/2

[Event "FIDE U16 Olympiad_boards_81-124"]
[Site "Eindhoven, Netherlands"]
[Date "2023.08.14"]
[Round "2.14"]
[White "Lai, Hong-Yi"]
[Black "Najimi, Mohamed Khalil"]
[Result "0-1"]
[TimeControl "45min+10sec"]
[WhiteElo "1469"]
[BlackElo "1812"]

1. d4 Nf6 2. c4 g6 3. Nc3 Bg7 4. e4 d6 5. Be2 O-O 6. Be3 e5 7. d5 Nbd7 8. g4 Nc5 9. f3 h5 10.
g5 Nh7 11. b4 Nd7 12. h4 f6 13. Nh3 a5 14. a3 b6 15. Ra2 fxg5 16. Nxg5 Nxg5 17. hxg5 Rf7 18. Bf1 axb4 19. axb4 Rxa2 20.
Nxa2 Nf8 21. Bh3 Bxh3 22. Rxh3 Qc8 23. Rh2 Qa6 24. Qe2 Qa3 25. Kf2 Nh7 26. Bc1 Qb3 27. Be3 Bf8 28. Rg2 Be7 29.
b5 Qb1 30. Rg1 Qxe4 31. Nc3 Qh4+ 32. Kg2 Rf5 33. Rh1 Rxg5+ 34. Bxg5 Qxg5+ 35. Kf2 Qf4 36. Ne4 Nf6 37. Nxf6+ Bxf6 38.
Rh3 Kh7 39. Kg2 Bg5 40. Qc2 Qf6 41. Rxh5+ Kg7 42. Rh3 Bf4 43. Qe4 Qg5+ 44. Kf2 Qd8 45. Rh1 Qa8 46. Re1 Qa2+ 47. Re2 Qa1 48.
Kg2 Qa8 49. Qc2 Qh8 50. Re4 0-1

[Event "FIDE U16 Olympiad_boards_81-124"]
[Site "Eindhoven, Netherlands"]
[Date "2023.08.14"]
[Round "2.15"]
[White "Moayad, Anas"]
[Black "Sun, Chang-Jyu"]
[Result "1/2-1/2"]
[TimeControl "45min+10sec"]
[WhiteElo "1757"]
[BlackElo "1238"]

1. d4 Nf6 2. c4 c5 3. Nf3 cxd4 4. Nxd4 Nc6 5. Nc3 g6 6. e3 Bg7 7. Be2 O-O 8. O-O d5 9. cxd5 Nxd5 10.
Nxd5 Qxd5 11. Bf3 Qc5 12. Nxc6 bxc6 13. Qa4 Rb8 14. Rb1 Qb5 15. Qc2 Bf5 16. e4 Be6 17. b3 Rfd8 18. Be3 Bd4 19.
Bxd4 Rxd4 20. Rbc1 Qa5 21. Qc5 Qxc5 22. Rxc5 Rd2 23. Ra5 Rb7 24. Rd1 Rb2 25. h3 c5 26. e5 Rc7 27. Rd8+ Kg7 28.
Ra8 c4 29. bxc4 Rxc4 30. R8xa7 Rc1+ 31. Kh2 Rxf2 32. Rxe7 Rcc2 33. Kg3 Rxa2 34. Rc5 Rfc2 35. Rxc2 Rxc2 36. Kf4 Rc4+ 37. Ke3 Rc5 38.
Kf4 Rc4+ 39. Kg3 Rc5 40. Kf4 Rc4+ 41. Ke3 Ra4 42. Rc7 Ra3+ 43. Kd4 Ra4+ 44. Kc5 Ra5+ 45. Kd4 Ra4+ 46. Kd3 Ra5 47.
Ke4 Bd5+ 48. Kd4 Bxf3 49. gxf3 Ra3 50. e6 Ra8 51. Rxf7+ Kg8 52. Rd7 Rf8 53. Ke4 g5 54. Rd5 h6 55.
Rf5 Ra8 56. Ke5 Kg7 57. Rf7+ Kg6 58. Rc7 Ra1 59. e7 Kf7 60. Kf5 Ra5+ 61. Kg4 Ra3 62. Rb7 Rc3 63. Ra7 Re3 64. Rb7 Rd3 65. e8=Q+ Kxe8 66. Rh7 Rd4+ 67.
Kg3 Rh4 68. f4 Rxf4 69. Rxh6 Kf7 70. Ra6 Rf5 71. Kg4 Rb5 72. Kh5 Rb3 73. Ra7+ Kf6 74. Ra6+ Kf5 75. Ra5+ Kf4 76. Ra4+ Kf5 77. Ra5+ Kf4 78.
Rxg5 Rxh3+ 79. Kg6 Rg3 1/2-1/2

[Event "FIDE U16 Olympiad_boards_81-124"]
[Site "Eindhoven, Netherlands"]
[Date "2023.08.14"]
[Round "2.16"]
[White "Tsai, Sophie Yi-Hsuan"]
[Black "Elharrak, Ahmed"]
[Result "0-1"]
[TimeControl "45min+10sec"]
[WhiteElo "1155"]
[BlackElo "1764"]

1. e4 c6 2. d4 d5 3. exd5 cxd5 4. Bd3 Nc6 5.
c3 Nf6 6. h3 e6 7. Nf3 Bd6 8. Nbd2 O-O 9. O-O Qc7 10. Bb1 Ne7 11. Re1 Ng6 12. Nf1 b6 13. Ne3 Ba6 14. Bd2 Nf4 15.
a4 Nd3 16. Bxd3 Bxd3 17. Nc2 h6 18. Ne5 Bh7 19. Na3 a6 20. Qc1 Ne4 21. f3 Nxd2 22. Qxd2 f6 23. Ng4 Rfe8 24. Ne3 Rad8 25.
Qe2 Qb7 26. c4 Bf4 27. Red1 Rc8 28. b3 Red8 29. Ng4 Bf5 30. Ne3 Bg6 31. Ng4 Bf7 32. Nf2 e5 33. Nd3 Bg3 34. dxe5 fxe5 35.
Nf2 Qc7 36. cxd5 Rxd5 37. Rxd5 Bxd5 38. Rb1 Qc5 39. Nc4 Bxf2+ 40. Qxf2 Qxf2+ 41. Kxf2 Bxc4 42. bxc4 Rxc4 43. Rxb6 Rxa4 44. Ke3 Kf7 45. g3 g6 46. h4 h5 47. Rc6 Ra1 48. Ke4 Re1+ 49. Kd5 a5 50. Ra6 Re3 51. Rxa5 Rxf3 52. Kxe5 Rf5+ 0-1

[Event "FIDE U16 Olympiad_boards_81-124"]
[Site "Eindhoven, Netherlands"]
[Date "2023.08.14"]
[Round "2.17"]
[White "Wangthumboon, Patawee"]
[Black "Song, Ethan"]
[Result "0-1"]
[TimeControl "45min+10sec"]
[WhiteElo "1452"]
[BlackElo "2025"]

1. e4 c6 2. d4 d5 3. exd5 cxd5 4. Bd3 Nc6 5. c3 Nf6 6. Bf4 Bg4 7. Qb3 Qd7 8. Nd2 e6 9. Ngf3 Bd6 10.
Bxd6 Qxd6 11. O-O Rb8 12. Rfe1 O-O 13. Ne5 Bf5 14. Bxf5 exf5 15. Re2 Ne4 16. Nxc6 bxc6 17. Qc2 g6 18.
f3 Ng5 19. Nb3 Ne6 20. Rae1 h5 21. Qd2 Kg7 22. Re5 Rh8 23. Kh1 h4 24. h3 Rb5 25. Nc1 a5 26. Nd3 Rhb8 27. b4 axb4 28.
cxb4 Nxd4 29. Nc5 Rxb4 30. Na6 Ne6 31.
Nxb8 Qxb8 32. R5e3 Rb2 33. Qc1 c5 34. R3e2 Rb4 35. a3 Rb3 36. a4 Qb4 37. Ra2 Nf4 38. Qa1+ d4 39. a5 Nd3 40.
Rf1 Qb8 41. a6 Qa7 42. Rb1 Rxb1+ 43. Qxb1 Nb4 44. Qb3 d3 45. Ra1 Kg8 46. Qc4 d2 47. Qb5 Nxa6 48. Qe8+ Kg7 49. Qe5+ Kh7 50. Qd5 Nb4 51. Qe5 0-1

[Event "FIDE U16 Olympiad_boards_81-124"]
[Site "Eindhoven, Netherlands"]
[Date "2023.08.14"]
[Round "2.18"]
[White "He, Matthew"]
[Black "Saipetch, Kai"]
[Result "1-0"]
[TimeControl "45min+10sec"]
[WhiteElo "1839"]
[BlackElo "1270"]

1. d4 d5 2. c4 e6 3. Nc3 Nf6 4. cxd5 exd5 5. Bg5 Nbd7 6. e3 Be7 7. Bd3 O-O 8. Qc2 h6 9. Bh4 c6 10.
Nge2 Re8 11. f3 Nf8 12. O-O Bd6 13. Bxf6 Qxf6 14. e4 Qh4 15. e5 Bc7 16. g3 Qe7 17. Rad1 Bb6 18. f4 Qb4 19.
Kg2 Ne6 20. a3 Qe7 21. Bh7+ Kh8 22. Bf5 g6 23. Bh3 Rg8 24. f5 Ng5 25. Bg4 h5 26. f6 Qf8 27. Bxc8 Qxc8 28. Qd2 Nh7 29.
Nf4 Qg4 30. h3 Qd7 31. Rde1 Bd8 32. Qd3 Nf8 33. Qe3 Kh7 34. Rh1 Ne6 35. g4 Bb6 36. Nce2 Rad8 37. Kf2 c5 38. Nxe6 Qxe6 39.
dxc5 Bc7 40. Nd4 Qe8 41. gxh5 gxh5 42. Qd3+ Rg6 43. Qf5 Qa4 44. Rd1 Re8 45. Qxh5+ Kg8 46. Rhg1 Qd7 47. e6 1-0

[Event "FIDE U16 Olympiad_boards_81-124"]
[Site "Eindhoven, Netherlands"]
[Date "2023.08.14"]
[Round "2.19"]
[White "Jiroajvanichakorn, Rathasart"]
[Black "Su, Ethan"]
[Result "0-1"]
[TimeControl "45min+10sec"]
[WhiteElo "1344"]
[BlackElo "1778"]

1. e4 c5 2. d4 cxd4 3. c3 dxc3 4. Nxc3 e6 5. Nf3 Nc6 6. Bc4 Bb4 7. O-O Bxc3 8. bxc3 Nge7 9. e5 O-O 10. Bg5 Qa5 11. Bxe7 Nxe7 12.
Rc1 Rd8 13. Re1 h6 14. Re4 d5 15. exd6 Nf5 16. Bb3 Rxd6 17. Qe2 Qd8 18. Ne5 b6 19. Qh5 Qf6 20. Rce1 g6 21. Rg4 Kh7 22.
Qh3 Bb7 23. Rf4 Kg7 24. Ng4 Qg5 25. Rc4 Rad8 26. Rc7 R6d7 27. Rxd7 Rxd7 28. Ne5 Re7 29. f3 Qd2 30. Rd1 Qe3+ 31. Kh1 Qxe5 32. Qg4 Ne3 33.
Qd4 Qxd4 34. Rxd4 Nd5 35. c4 Nf6 36.
Rd2 Rd7 37. Re2 Bc6 38. Kg1 Ne8 39. Kf2 Nd6 40. g4 Nb7 41. h4 Rd3 42. Re3 Rxe3 43. Kxe3 Nc5 44. Bc2 Kf6 45. f4 e5 46.
g5+ hxg5 47. hxg5+ Ke6 48. Bd1 exf4+ 49. Kxf4 f6 50. Bg4+ f5 51. Bd1 Nd3+ 52. Ke3 Ne5 53. Be2 Be4 54.
a4 a5 55. Bf1 Nd7 56. Kd4 Nc5 0-1

[Event "FIDE U16 Olympiad_boards_81-124"]
[Site "Eindhoven, Netherlands"]
[Date "2023.08.14"]
[Round "2.20"]
[White "Mok, Gillian Xi-Lin"]
[Black "Bootsumran, Sirin"]
[Result "0-1"]
[TimeControl "45min+10sec"]
[WhiteElo "1314"]
[BlackElo "1265"]

1. e4 c5 2. Nf3 e6 3.
d4 cxd4 4. Nxd4 a6 5. Nc3 Qc7 6. a3 Nf6 7. Be3 Be7 8. Be2 b5 9. Bf3 Bb7 10. e5 Nd5 11. Nxd5 exd5 12. O-O Qxe5 13.
Re1 O-O 14. g3 Bf6 15. c3 Qc7 16. Bf4 Qb6 17. Nf5 d4 18. Bxb7 Qxb7 19. Nxd4 Nc6 20. Nf5 Rad8 21. Qg4 Kh8 22.
Rad1 d5 23. Nd6 Qd7 24. Qh5 d4 25. Ne4 Qd5 26. Nxf6 gxf6 27. Qxd5 Rxd5 28. cxd4 Nxd4 29. Kg2 Rfd8 30. Rd3 Nc2 31.
Rxd5 Nxe1+ 32. Kf1 Rxd5 33. Kxe1 Kg7 34.
Ke2 Kg6 35. Bd2 Kf5 36. Bc3 h5 37. h3 Rd6 38. Kf3 Rd3+ 39. Ke2 Rd6 40. Ke3 Rd5 41. Kf3 Rd1 42. Kg2 Ke6 43. Kf3 Kf5 44.
Kg2 Rc1 45. Kf3 Rc2 46. Bd4 a5 47. Bc3 Ke6 48. Bxa5 Rxb2 49. Bb4 Kf5 50. Bc5 Rb3+ 51. Kg2 Ke4 52. h4 f5 53. Be7 f4 54. Bd6 f3+ 55. Kh2 Kd3 56.
g4 Ke4 57. gxh5 Kf5 58. Kg3 Rd3 59. Bc5 Rc3 60. Bb4 Rc4 61. Be7 Rg4+ 62. Kxf3 Rg8 63. h6 Rh8 64. Bg5 f6 65. Bd2 Rd8 66. Bb4 Kg6 67. Kg4 Kxh6 68. f4 Kg6 69. Be7 Rd4 70. Bc5 f5+ 71.
Kf3 Rd3+ 72. Ke2 Rc3 73. Bd6 Kh5 74. Be7 Kg4 75. Kd2 Rh3 76. Bd6 Kxh4 77. Kc2 Kg4 78. Be5 Rxa3 79. Kb2 Rd3 80. Bc3 Kxf4 81. Kb3 Ke3 82. Kb4 Rxc3 83. Kxc3 f4 84. Kb4 f3 85. Kxb5 f2 86. Kc5 0-1

[Event "FIDE U16 Olympiad_boards_81-124"]
[Site "Eindhoven, Netherlands"]
[Date "2023.08.14"]
[Round "2.21"]
[White "Simpson, Michael"]
[Black "Olando, Paul Jnr"]
[Result "1-0"]
[TimeControl "45min+10sec"]
[WhiteElo "1909"]
[BlackElo "1381"]

1. Nf3 Nf6 2. c4 g6 3. Nc3 Bg7 4. e4 d6 5. d4 O-O 6. Be2 e5 7. O-O Nc6 8. d5 Ne7 9. b4 a5 10.
bxa5 Nd7 11. a4 f5 12. Ba3 Rxa5 13. Bb4 Ra8 14. Ne1 f4 15. Bg4 Nc5 16. Bxc8 Nxc8 17. a5 g5 18. f3 Rf6 19.
Nd3 Bf8 20. Bxc5 dxc5 21. Nxe5 Rfa6 22. Nd3 Bg7 23. e5 Rxa5 24. Rxa5 Rxa5 25. Ne4 Qe7 26. Re1 Nb6 27. d6 cxd6 28.
exd6 Bd4+ 29. Kh1 Qg7 30. Nexc5 Ra1 31. Re8+ Kf7 32. Re7+ Kf6 33. Qxa1 Bxa1 34. Rxg7 Kxg7 35. d7 Bf6 36.
d8=Q Bxd8 37. Ne6+ Kf6 38. Nxd8 Nxc4 39. Nxb7 h6 40. Nbc5 Ne3 41. Ne4+ Kf5 42. Ndf2 h5 43. h3 Nf1 44.
Nd1 g4 45. Kg1 Ng3 46. Nxg3+ fxg3 47. fxg4+ hxg4 48. Ne3+ 1-0

[Event "FIDE U16 Olympiad_boards_81-124"]
[Site "Eindhoven, Netherlands"]
[Date "2023.08.14"]
[Round "2.22"]
[White "Kaloki, Hawi"]
[Black "Soojay, Jorah"]
[Result "1-0"]
[TimeControl "45min+10sec"]
[WhiteElo "1351"]
[BlackElo "1566"]

1. e4 d5 2. exd5 Nf6 3.
d4 Bg4 4. Be2 Bxe2 5. Qxe2 Qxd5 6. Nf3 Nc6 7. Nc3 Qd7 8. Be3 O-O-O 9. O-O-O e6 10. Ne5 Qe8 11. Qb5 a6 12. Qa4 Nxe5 13.
Qxe8 Rxe8 14. dxe5 Nd7 15. f4 Bc5 16. Bxc5 Nxc5 17. Rd2 h6 18. Rhd1 Re7 19. b4 Nd7 20. Ne4 Nb6 21. Nc5 Nd5 22.
Rd4 Nc3 23. R1d2 Rg8 24. h4 Rge8 25. a3 b6 26. Ne4 Nxe4 27. Rxe4 Rd8 28. h5 Red7 29. Ree2 Kb7 30. Rxd7 Rxd7 31. Rd2 Rxd2 32. Kxd2 Kc6 33. Kd3 Kb5 34. g4 f6 35.
exf6 gxf6 36. g5 fxg5 37. fxg5 hxg5 38. h6 Ka4 39. h7 Kxa3 40. h8=Q Kxb4 41. Qd4+ Kb5 42. Qc4+ Ka5 43. Kc3 c5 44. Kb3 b5 45.
Qxc5 1-0

[Event "FIDE U16 Olympiad_boards_81-124"]
[Site "Eindhoven, Netherlands"]
[Date "2023.08.14"]
[Round "2.23"]
[White "Boshoma, Chisomo"]
[Black "Kuka, Kyle"]
[Result "1-0"]
[TimeControl "45min+10sec"]
[WhiteElo "1668"]
[BlackElo "1187"]

1. e4 c6 2. d4 d5 3. Nc3 dxe4 4. Nxe4 Nf6 5. Nxf6+ exf6 6. Nf3 Bg4 7. Bd3 Bxf3 8. Qxf3 Qd7 9. d5 Qxd5 10. Be3 Qd4 11. Bf4 Be7 12. O-O-O Qa4 13. Rhe1 Kf8 14. Rxe7 g5 15. Bxg5 Qxa2 16. Qxf6 Rg8 17.
Bh6+ 1-0

[Event "FIDE U16 Olympiad_boards_81-124"]
[Site "Eindhoven, Netherlands"]
[Date "2023.08.14"]
[Round "2.24"]
[White "Gikandi, Bernice Wambui"]
[Black "Yan, Weilun"]
[Result "0-1"]
[TimeControl "45min+10sec"]
[WhiteElo "1179"]
[BlackElo "1390"]

1. d4 d5 2. c4 e6 3. Nf3 Nf6 4. Nc3 Be7 5. Bg5 h6 6. Bh4 O-O 7. e3 Nbd7 8. Bd3 dxc4 9. Bxc4 c5 10.
O-O cxd4 11. exd4 a6 12. Qd2 b5 13. Be2 Bb7 14. a3 Nb6 15. Rfd1 Rc8 16. Rac1 Nfd5 17. Bg3 Nxc3 18. Rxc3 Rxc3 19.
Qxc3 Nd5 20. Qc2 Qa8 21. Ne5 Rc8 22. Qd3 Nf6 23. Bf3 Bxf3 24. Nxf3 Qd5 25. h3 Bd6 26. Bxd6 Qxd6 27. Ne5 Qd5 28. Qd2 Ne4 29. Qf4 Nf6 30. Qd2 Ne4 31. Qf4 Nd6 32.
Nd7 Rc7 33. Ne5 Rc2 34. Rd2 Rxd2 35. Qxd2 Nc4 36. Nxc4 Qxc4 37. Qc3 Qxc3 38. bxc3 Kf8 39. Kf1 Ke7 40. Ke2 Kd6 41. Kd3 Kd5 42.
f3 g5 43. g3 f5 44. h4 f4 45. hxg5 hxg5 46. g4 a5 47. a4 bxa4 48. c4+ Kd6 49. Kc3 e5 50. dxe5+ Kxe5 51. c5 Kd5 52. c6 Kxc6 53. Kb2 Kb5 54. Kc3 Kc5 55. Kb2 Kd4 56. Ka3 Ke3 57. Kxa4 Kxf3 58. Kxa5 Kxg4 59. Kb4 f3 60. Kc3 f2 61. Kd4 f1=Q 62. Kd5 Qe2 63. Kd4 Kf4 64. Kd5 Qe4+ 65. Kd6 Qe5+ 66. Kc6 Qd4 67. Kc7 Qf6 68.
Kd7 Ke5 69. Kc7 Qd6+ 70. Kc8 Qe7 71. Kb8 Kd6 72. Ka8 Kc6 73. Kb8 Qb7# 0-1